 Dungeon Sprint DCSS version 0.31.0-12-g77e489cdc1 (webtiles) character file.

Game seed: 11856284984837026572

16300000 Kallu the Wishgranter (level 27, -30/228 HPs)
             Began as a Djinni Warper on Feb 15, 2024.
             Was the Champion of Makhleb.
             Killed by the air
             ... invoked by a tyrant
              (48 damage)
             ... in the Dungeon (Sprint VIII: "Arena of Blood").
             The game lasted 00:04:43 (163 turns).

Kallu the Wishgranter (Djinni Warper)                Turns: 163, Time: 00:04:44

Health: -30/228    AC:  6    Str: 10    XL:     27
Gold:   0          EV: 36    Int: 17    God:    Makhleb [******] SH:  0 Dex: 25

rFire   + + .        h - +∞ Axe of Woe
rCold   x . .        (shield currently unavailable)
rNeg    . . .        a - +0 leather armour
rPois   ∞            (no helmet)
rElec   .            (no cloak)
rCorr   .            (no gloves)
SInv    +            (boots unavailable)
Will    ++...        (no amulet)
Stlth   ++++         i - ring of see invisible
HPRegen 0.58/turn    (no ring)
MPRegen 0.00/turn

%: no teleportation, infuse magic (-31 HP)
@: flying, hasted and slowed
A: sickness immunity, fire resistance 2, cold vulnerability 1, float, innate
caster, HP casting, extra vitality 1
0: Orb of Zot
a: Renounce Religion, Minor Destruction, Lesser Servant of Makhleb, Major
Destruction, Greater Servant of Makhleb


You were in the Dungeon.
You worshipped Makhleb.
Makhleb was exalted by your worship.
You visited 1 branch

Inventory:

Hand Weapons
 h - the +∞ Axe of Woe (weapon)
   (You found it in the Dungeon)
Missiles
 c - 7 darts of dispersal
Armour
 a - a +0 leather armour (worn)
Jewellery
 i - a ring of see invisible (left hand)
Potions
 d - a potion of curing
 e - a potion of heal wounds
 g - a potion of berserk rage


   Skills:
 O Level 27 Fighting
 O Level 27 Short Blades
 O Level 27 Long Blades
 O Level 27 Axes
 O Level 27 Maces & Flails
 O Level 27 Polearms
 O Level 27 Staves
 O Level 27 Ranged Weapons
 O Level 27 Throwing
 O Level 27 Armour
 O Level 27 Dodging
 O Level 27 Stealth
 O Level 27 Shields
 O Level 27 Unarmed Combat
 O Level 27 Spellcasting
 O Level 27 Conjurations
 O Level 27 Hexes
 O Level 27 Summonings
 O Level 27 Necromancy
 O Level 27 Translocations
 O Level 27 Fire Magic
 O Level 27 Ice Magic
 O Level 27 Air Magic
 O Level 27 Earth Magic
 O Level 27 Alchemy
 O Level 27 Invocations
 O Level 27 Evocations
 O Level 27 Shapeshifting


You knew the following spells:

 Your Spells              Type           Power      Damage    Failure   Level
a - Blink                 Tloc           100%       N/A       0%          2
b - Lesser Beckoning      Tloc           100%       N/A       0%          2
c - Teleport Other        Tloc           86%        N/A       0%          3
d - Manifold Assault      Tloc           86%        N/A       0%          4
e - Vhi's Electric Charg  Tloc/Air       100%       N/A       0%          4
f - Necrotise             Necr           100%       1d9       0%          1
g - Jinxbite              Hex            100%       N/A       0%          2
h - Call Canine Familiar  Summ           86%        N/A       0%          3
i - Confusing Touch       Hex            86%        N/A       0%          3
j - Summon Lightning Spi  Summ/Air       86%        N/A       0%          4
k - Yara's Violent Unrav  Hex/Alch       43%        3d17      0%          5
l - Bombard               Conj/Erth      43%        9d7       0%          6
m - Orb of Destruction    Conj           43%        9d12      1%          7
n - Spellforged Servitor  Conj/Summ      43%        N/A       1%          7
o - Malign Gateway        Summ/Tloc      43%        N/A       1%          7
p - Lehudib's Crystal Sp  Conj/Erth      43%        10d10     1%          8
q - Maxwell's Capacitive  Air            43%        ∞         1%          8
r - Polar Vortex          Ice            43%        12d5*     2%          9
Your spell library was empty.

Dungeon Overview and Level Annotations

Branches:
Dungeon (1/1)

Altars:
Makhleb


Innate Abilities, Weirdness & Mutations

You are immune to sickness and miasma.
You are immune to poison.
Your flesh is very heat resistant. (rF++)
You are vulnerable to cold. (rC-)
You float through the air rather than walking.
You learn spells naturally, not from books.
Your magical power is your life essence.
You have superior vitality. (+4 MHP)


Message History

A large bag of meat comes into view. It is wielding a +9 giant spiked club.
The fleshlord gestures at you while chanting.
You feel as though you will be slow longer.
The eight-headed meat hydra calls on the powers of darkness!
The eight-headed meat hydra convulses!
The fleshlord convulses!
Your body is wracked with pain!
* * * LOW HITPOINT WARNING * * *
The bag of meat convulses!
The eight-headed meat hydra convulses!
The bag of meat convulses!
The fleshlord convulses!
The meat berserker convulses!
The fleshlord convulses!
The observer convulses!
The observer gazes at you. Something smites you!
* * * LOW HITPOINT WARNING * * *
The fleshlord points at you and mumbles some strange words.
You barely resist.
The accursed points at you and mumbles some strange words.
Something smites you!
* * * LOW HITPOINT WARNING * * *
Unknown command.
Casting: Vhi's Electric Charge (safe; 0% risk of failure)
Confirm with . or Enter, or press ? or * to list all spells.
Charge where?
Press: ? - help, Dir - move target You can't see anything there to charge at.
Okay, then.
Casting: Vhi's Electric Charge (safe; 0% risk of failure)
Confirm with . or Enter, or press ? or * to list all spells.
Charge where?
Press: ? - help, Dir - move target, f - fleshlord
Aim: a fleshlord, wielding a +9 great mace and wearing a +400 ring of slaying (almost dead, fast, 100% to hit)
Okay, then.
Blink to where?
Press: ? - help, Dir - move target A wretched soul, a tyrant and 2 bags of meat come into view.
As you read the scroll of blinking, it crumbles to dust.
The tyrant shouts!
A destroyer comes into view. It is wielding a +9 heavy great sword.
The tyrant waves its bony arms in wide circles.
The air twists around and strikes you!!!
You die...

))#).p......†..)........
°p)).)...)§).)))........
)).).o..D§)..G)........
)o)))#).)§)))#).......o
)))..#)D)p)..#.........
=))###......†###.......
......###..O.........
......._...W.O....
...o#..W.@#.......
..z.#_.<._#...... ...
#.....#......
..L.._.........
......###........ .###..
...###... #V. o..# #..
...# .. ..


You could see a tyrant, a destroyer, an observer (fast, invisible), 2 large bags
of meat, 2 wretched souls and a bag of meat (wandering).

Vanquished Creatures
  Dispater (D)
  21 hell knights (D)
  Sigmund (D)
  17 hell beasts (D)
  Edmund (D)
  11 royal mummies (D)
  13 wraiths (D)
  14 great orbs of eyes (D)
  Harold (D)
  19 vampire knights (D)
  52 ogres (D)
  15 two-headed ogres (D)
  11 liches (D)
  18 hydras (D)
  11 phantoms (D)
  120 orcs (D)
  12 skeletal warriors (D)
  11 sea snakes (D)
349 creatures vanquished.

Vanquished Creatures (others)
  An orc (D)
  An eldritch tentacle (D)
2 creatures vanquished.

Grand Total: 351 creatures vanquished

Notes
Turn   | Place    | Note
-------+----------+-------------------------------------------
     0 | D        | Found the +∞ Axe of Woe
     0 | D        | Kallu the Djinni Warper began the quest for the Orb.
     0 | D        | Kallu set off with the following spells memorised: Blink,
                  | Lesser Beckoning, Teleport Other, Manifold Assault, Vhi's
                  | Electric Charge.
     0 | D        | Reached XP level 1. HP: 18/18 MP: 0/0
     4 | D        | Became a worshipper of Makhleb the Destroyer
     5 | D        | Noticed a meat berserker
     6 | D        | Noticed a bag of meat
     7 | D        | Noticed a bag of meat
     7 | D        | Noticed a bag of meat
     8 | D        | Noticed a bag of meat
     8 | D        | Noticed a bag of meat
     9 | D        | Noticed a meat berserker
     9 | D        | Noticed a bag of meat
     9 | D        | Noticed a bag of meat
     9 | D        | Noticed a bag of meat
     9 | D        | Noticed a bag of meat
     9 | D        | Noticed a bag of meat
     9 | D        | Noticed a bag of meat
     9 | D        | Noticed a bag of meat
     9 | D        | Noticed a bag of meat
    10 | D        | Noticed a meat berserker
    10 | D        | Noticed a meat berserker
    10 | D        | Noticed a large bag of meat
    10 | D        | Noticed a bag of meat
    11 | D        | Killed a bag of meat
    11 | D        | Noticed a meat berserker
    11 | D        | Noticed a meat berserker
    11 | D        | Noticed a bag of meat
    11 | D        | Noticed a large bag of meat
    11 | D        | Noticed a bag of meat
    11 | D        | Noticed a bag of meat
    11 | D        | Noticed a meat berserker
    11 | D        | Noticed a bag of meat
    11 | D        | Noticed a bag of meat
    11 | D        | Noticed a bag of meat
    11 | D        | Noticed a bag of meat
    11 | D        | Noticed a bag of meat
    11 | D        | Noticed a bag of meat
    11 | D        | Noticed a bag of meat
    12 | D        | Reached XP level 2. HP: 40/40 MP: 0/0
    12 | D        | Reached XP level 3. HP: 45/45 MP: 0/0
    12 | D        | Learned a level 1 spell: Necrotise
    12 | D        | Reached XP level 4. HP: 51/51 MP: 0/0
    12 | D        | Reached XP level 5. HP: 57/57 MP: 0/0
    12 | D        | Learned a level 2 spell: Jinxbite
    12 | D        | Reached XP level 6. HP: 63/63 MP: 0/0
    12 | D        | Reached XP level 7. HP: 68/68 MP: 0/0
    12 | D        | Learned a level 3 spell: Call Canine Familiar
    12 | D        | Reached XP level 8. HP: 75/75 MP: 0/0
    12 | D        | Reached XP level 9. HP: 80/80 MP: 0/0
    12 | D        | Learned a level 3 spell: Confusing Touch
    12 | D        | Reached XP level 10. HP: 86/86 MP: 0/0
    12 | D        | Reached XP level 11. HP: 92/92 MP: 0/0
    12 | D        | Learned a level 4 spell: Summon Lightning Spire
    12 | D        | Noticed a bag of meat
    12 | D        | Noticed a bag of meat
    12 | D        | Noticed a bag of meat
    12 | D        | Noticed a bag of meat
    12 | D        | Noticed a bag of meat
    12 | D        | Noticed a meat berserker
    12 | D        | Noticed a bag of meat
    12 | D        | Noticed a bag of meat
    12 | D        | Noticed a bag of meat
    12 | D        | Noticed a bag of meat
    12 | D        | Killed a meat berserker
    12 | D        | Reached * piety under Makhleb
    12 | D        | Noticed a bag of meat
    12 | D        | Noticed a bag of meat
    13 | D        | Reached XP level 12. HP: 100/105 MP: 0/0
    13 | D        | Reached XP level 13. HP: 106/111 MP: 0/0
    13 | D        | Learned a level 5 spell: Yara's Violent Unravelling
    13 | D        | Noticed a meat berserker
    13 | D        | Killed a bag of meat
    14 | D        | Reached skill level 15 in Axes
    14 | D        | Noticed a bag of meat
    14 | D        | Noticed a bag of meat
    14 | D        | Noticed a meat berserker
    14 | D        | Killed a bag of meat
    14 | D        | Killed a meat berserker
    14 | D        | Reached ** piety under Makhleb
    14 | D        | Killed a bag of meat
    14 | D        | Killed a meat berserker
    14 | D        | Noticed a bag of meat
    15 | D        | Reached XP level 14. HP: 28/130 MP: 0/0
    15 | D        | Reached XP level 15. HP: 29/135 MP: 0/0
    15 | D        | Learned a level 6 spell: Bombard
    15 | D        | Reached *** piety under Makhleb
    15 | D        | Noticed a meat berserker
    16 | D        | Reached XP level 16. HP: 66/146 MP: 0/0
    16 | D        | Reached **** piety under Makhleb
    17 | D        | Killed a meat berserker
    18 | D        | Reached XP level 17. HP: 15/156 MP: 0/0
    18 | D        | Learned a level 7 spell: Orb of Destruction
    18 | D        | Killed a meat berserker
    18 | D        | Killed a meat berserker
    18 | D        | Reached ***** piety under Makhleb
    19 | D        | Reached skill level 27 in Fighting
    19 | D        | Reached skill level 27 in Spellcasting
    19 | D        | Reached skill level 27 in Conjurations
    19 | D        | Reached skill level 27 in Hexes
    19 | D        | Reached skill level 27 in Summonings
    19 | D        | Reached skill level 27 in Necromancy
    19 | D        | Reached skill level 27 in Translocations
    19 | D        | Reached skill level 27 in Fire Magic
    19 | D        | Reached skill level 27 in Ice Magic
    19 | D        | Reached skill level 27 in Air Magic
    19 | D        | Reached skill level 27 in Earth Magic
    19 | D        | Reached skill level 27 in Alchemy
    19 | D        | Killed a large bag of meat
    20 | D        | Reached skill level 27 in Axes
    20 | D        | Reached skill level 5 in Armour
    20 | D        | Reached skill level 10 in Unarmed Combat
    20 | D        | Reached XP level 18. HP: 44/167 MP: 0/0
    20 | D        | Killed a meat berserker
    21 | D        | Reached skill level 15 in Unarmed Combat
    21 | D        | Noticed a meat berserker
    21 | D        | Noticed a meat berserker
    22 | D        | Noticed a meat berserker
    24 | D        | Killed a meat berserker
    25 | D        | Reached skill level 10 in Armour
    25 | D        | Reached XP level 19. HP: 146/174 MP: 0/0
    25 | D        | Learned a level 7 spell: Spellforged Servitor
    25 | D        | Noticed a large bag of meat
    26 | D        | Reached ****** piety under Makhleb
    26 | D        | Killed a meat berserker
    26 | D        | Killed a meat berserker
    26 | D        | Noticed a destroyer
    27 | D        | Reached XP level 20. HP: 181/181 MP: 0/0
    28 | D        | Killed a meat berserker
    29 | D        | Reached skill level 27 in Dodging
    29 | D        | Reached skill level 27 in Unarmed Combat
    29 | D        | Noticed a destroyer
    29 | D        | Noticed an eight-headed meat hydra
    30 | D        | Reached skill level 15 in Throwing
    30 | D        | Reached XP level 21. HP: 159/187 MP: 0/0
    30 | D        | Learned a level 7 spell: Malign Gateway
    30 | D        | Killed a meat berserker
    31 | D        | Reached skill level 27 in Armour
    32 | D        | Reached XP level 22. HP: 177/194 MP: 0/0
    32 | D        | Killed a meat berserker
    33 | D        | Reached skill level 27 in Throwing
    33 | D        | Killed a meat berserker
    33 | D        | Noticed a meat berserker
    34 | D        | Killed a destroyer
    35 | D        | Reached skill level 10 in Shields
    35 | D        | Reached skill level 10 in Invocations
    35 | D        | Reached skill level 10 in Evocations
    35 | D        | Reached XP level 23. HP: 139/201 MP: 0/0
    35 | D        | Learned a level 8 spell: Lehudib's Crystal Spear
    35 | D        | Killed a large bag of meat
    36 | D        | Reached skill level 10 in Short Blades
    36 | D        | Reached skill level 10 in Long Blades
    36 | D        | Reached skill level 10 in Staves
    36 | D        | Reached skill level 10 in Stealth
    37 | D        | Reached skill level 10 in Maces & Flails
    37 | D        | Reached skill level 10 in Polearms
    37 | D        | Reached skill level 10 in Ranged Weapons
    37 | D        | Reached skill level 10 in Shapeshifting
    39 | D        | Reached XP level 24. HP: 156/208 MP: 0/0
    39 | D        | Killed a destroyer
    40 | D        | Reached skill level 15 in Shields
    40 | D        | Reached skill level 15 in Invocations
    40 | D        | Reached skill level 15 in Evocations
    40 | D        | Killed a large bag of meat
    41 | D        | Reached skill level 15 in Short Blades
    41 | D        | Reached skill level 15 in Long Blades
    41 | D        | Reached skill level 15 in Staves
    41 | D        | Reached skill level 15 in Stealth
    46 | D        | Noticed a destroyer
    47 | D        | Reached skill level 15 in Maces & Flails
    47 | D        | Reached skill level 15 in Polearms
    47 | D        | Reached skill level 15 in Ranged Weapons
    47 | D        | Reached skill level 15 in Shapeshifting
    47 | D        | Reached XP level 25. HP: 214/214 MP: 0/0
    47 | D        | Learned a level 8 spell: Maxwell's Capacitive Coupling
    47 | D        | Killed a destroyer
    48 | D        | Noticed a tyrant
    48 | D        | Killed a tyrant
    48 | D        | Noticed a destroyer
    49 | D        | Reached skill level 27 in Stealth
    49 | D        | Noticed The Servant
    50 | D        | Noticed a large bag of meat
    51 | D        | Reached XP level 26. HP: 221/221 MP: 0/0
    51 | D        | Killed a destroyer
    51 | D        | Killed a large bag of meat
    51 | D        | Noticed a destroyer
    52 | D        | Killed a destroyer
    52 | D        | Noticed a tyrant
    53 | D        | Noticed a large bag of meat
    54 | D        | Killed a large bag of meat
    55 | D        | Reached XP level 27. HP: 228/228 MP: 0/0
    55 | D        | Learned a level 9 spell: Polar Vortex
    55 | D        | Killed a tyrant
    56 | D        | Noticed an accursed
    56 | D        | Noticed a large bag of meat
    58 | D        | Killed a large bag of meat
    58 | D        | Killed an accursed
    60 | D        | Killed The Servant
    61 | D        | Reached skill level 27 in Shields
    61 | D        | Reached skill level 27 in Invocations
    61 | D        | Reached skill level 27 in Evocations
    61 | D        | Noticed a destroyer
    61 | D        | Noticed a destroyer
    62 | D        | Noticed a dread
    62 | D        | Killed a destroyer
    62 | D        | Killed a dread
    62 | D        | Killed a destroyer
    62 | D        | Noticed an accursed
    63 | D        | Reached skill level 27 in Short Blades
    63 | D        | Reached skill level 27 in Long Blades
    63 | D        | Reached skill level 27 in Staves
    63 | D        | Killed an accursed
    64 | D        | Reached skill level 27 in Maces & Flails
    64 | D        | Reached skill level 27 in Polearms
    64 | D        | Reached skill level 27 in Ranged Weapons
    64 | D        | Reached skill level 27 in Shapeshifting
    64 | D        | Noticed a destroyer
    65 | D        | Killed a destroyer
    66 | D        | Noticed a dread
    66 | D        | Killed a dread
    67 | D        | Noticed an accursed
    67 | D        | Noticed a tyrant
    69 | D        | Killed an accursed
    69 | D        | Noticed a tyrant
    70 | D        | Killed a tyrant
    70 | D        | Killed a tyrant
    71 | D        | Noticed a destroyer
    72 | D        | Killed a destroyer
    72 | D        | Noticed a dread
    73 | D        | Noticed a large bag of meat
    73 | D        | Noticed a dread
    74 | D        | Killed a dread
    74 | D        | Killed a large bag of meat
    75 | D        | Killed a dread
    76 | D        | Noticed an accursed
    77 | D        | Killed an accursed
    77 | D        | Noticed a dread
    78 | D        | Killed a dread
    78 | D        | Noticed a meat beast
    80 | D        | Killed a meat beast
    80 | D        | Noticed a meat beast
    81 | D        | Killed a meat beast
    81 | D        | Noticed a destroyer
    82 | D        | Killed a destroyer
    83 | D        | Noticed a large bag of meat
    84 | D        | Noticed a meat beast
    84 | D        | Killed a meat beast
    85 | D        | Killed a large bag of meat
    86 | D        | Noticed an accursed
    87 | D        | Killed an accursed
    88 | D        | Noticed a dread
    89 | D        | Killed a dread
    89 | D        | Noticed a destroyer
    90 | D        | Killed a destroyer
    90 | D        | Noticed a meat beast
    91 | D        | Killed a meat beast
    92 | D        | Noticed a meat beast
    92 | D        | Noticed a dread
    93 | D        | Killed a dread
    93 | D        | Killed a meat beast
    94 | D        | Noticed a destroyer
    94 | D        | Killed a destroyer
    95 | D        | Noticed a meat beast
    95 | D        | Noticed a tyrant
    96 | D        | Killed a tyrant
    96 | D        | Killed a meat beast
    97 | D        | Noticed The Defiler
    97 | D        | Killed The Defiler
    99 | D        | Noticed a large bag of meat
   100 | D        | Killed a large bag of meat
   101 | D        | Noticed The Captor
   102 | D        | Killed The Captor
   102 | D        | Noticed a meat beast
   102 | D        | Noticed a tyrant
   103 | D        | Killed a tyrant
   103 | D        | Killed a meat beast
   104 | D        | Noticed a dread
   104 | D        | Killed a dread
   104 | D        | Noticed a dread
   105 | D        | Killed a dread
   105 | D        | Noticed an accursed
   105 | D        | Noticed a meat beast
   106 | D        | Killed a meat beast
   106 | D        | Killed an accursed
   107 | D        | Noticed a destroyer
   108 | D        | Killed a destroyer
   108 | D        | Noticed a destroyer
   109 | D        | Killed a destroyer
   110 | D        | Noticed an accursed
   111 | D        | Killed an accursed
   112 | D        | Noticed a meat beast
   113 | D        | Killed a meat beast
   113 | D        | Noticed an accursed
   113 | D        | Noticed a dread
   114 | D        | Killed an accursed
   114 | D        | Killed a dread
   114 | D        | Noticed a tyrant
   115 | D        | Killed a tyrant
   115 | D        | Noticed an accursed
   116 | D        | Noticed a fleshlord
   116 | D        | Killed a fleshlord
   116 | D        | Killed an accursed
   116 | D        | Noticed a fleshlord
   117 | D        | Killed a fleshlord
   117 | D        | Noticed a dread
   118 | D        | Noticed a fleshlord
   118 | D        | Killed a dread
   118 | D        | Killed a fleshlord
   118 | D        | Noticed a fleshlord
   118 | D        | Noticed a tyrant
   119 | D        | Killed a tyrant
   119 | D        | Killed a fleshlord
   119 | D        | Noticed a large bag of meat
   120 | D        | Killed a large bag of meat
   120 | D        | Noticed a tyrant
   121 | D        | Killed a tyrant
   121 | D        | Noticed a tyrant
   123 | D        | Noticed a fleshlord
   123 | D        | Killed a fleshlord
   123 | D        | Killed a tyrant
   123 | D        | Noticed a fleshlord
   123 | D        | Noticed a fleshlord
   124 | D        | Noticed a large bag of meat
   124 | D        | Noticed a fleshlord
   125 | D        | Killed a fleshlord
   125 | D        | Killed a large bag of meat
   125 | D        | Killed a fleshlord
   125 | D        | Noticed a fleshlord
   126 | D        | Noticed a fleshlord
   126 | D        | Killed a fleshlord
   126 | D        | Killed a fleshlord
   126 | D        | Killed a fleshlord
   126 | D        | Noticed a large bag of meat
   127 | D        | Killed a large bag of meat
   127 | D        | Noticed a fleshlord
   128 | D        | Killed a fleshlord
   128 | D        | Noticed a meat beast
   129 | D        | Killed a meat beast
   131 | D        | Noticed a large bag of meat
   131 | D        | Noticed a destroyer
   132 | D        | Killed a destroyer
   132 | D        | Killed a large bag of meat
   132 | D        | Noticed a fleshlord
   133 | D        | Killed a fleshlord
   133 | D        | Noticed a dread
   134 | D        | Killed a dread
   134 | D        | Noticed a meat beast
   135 | D        | Killed a meat beast
   136 | D        | Noticed a destroyer
   137 | D        | Killed a destroyer
   138 | D        | Noticed a large bag of meat
   139 | D        | Killed a large bag of meat
   139 | D        | Noticed a meat beast
   140 | D        | Killed a meat beast
   141 | D        | Noticed a large bag of meat
   141 | D        | Noticed a fleshlord
   142 | D        | Killed a fleshlord
   142 | D        | Killed a large bag of meat
   142 | D        | Noticed a meat beast
   143 | D        | Noticed a dread
   143 | D        | Killed a meat beast
   143 | D        | Noticed a fleshlord
   143 | D        | Noticed an accursed
   144 | D        | Killed a dread
   144 | D        | Killed an accursed
   145 | D        | Killed a fleshlord
   145 | D        | Noticed a destroyer
   145 | D        | Noticed a fleshlord
   146 | D        | Killed a destroyer
   146 | D        | Killed a fleshlord
   148 | D        | Noticed a fleshlord
   148 | D        | Noticed a fleshlord
   148 | D        | Noticed a fleshlord
   149 | D        | Noticed a meat beast
   149 | D        | Killed a fleshlord
   149 | D        | Noticed an accursed
   150 | D        | Killed a fleshlord
   150 | D        | Killed a meat beast
   150 | D        | Noticed a tyrant
   151 | D        | Noticed a fleshlord
   151 | D        | Killed a tyrant
   151 | D        | Killed a fleshlord
   151 | D        | Killed a fleshlord
   152 | D        | Noticed a meat beast
   152 | D        | Noticed a meat beast
   153 | D        | Killed a meat beast
   153 | D        | Killed a meat beast
   153 | D        | Killed an accursed
   153 | D        | Noticed The Meatlord
   154 | D        | Killed The Meatlord
   154 | D        | Noticed a meat beast
   154 | D        | Noticed a fleshlord
   155 | D        | Got the Orb of Zot
   155 | D        | Noticed a destroyer
   155 | D        | Noticed a fleshlord
   157 | D        | Noticed a fleshlord
   157 | D        | Noticed an accursed
   158 | D        | Killed a fleshlord
   158 | D        | Killed a destroyer
   158 | D        | Killed a fleshlord
   158 | D        | Noticed an accursed
   159 | D        | Killed a meat beast
   159 | D        | Noticed a fleshlord
   160 | D        | Noticed a meat beast
   161 | D        | Noticed a destroyer
   161 | D        | Noticed a large bag of meat
   162 | D        | Killed a destroyer
   162 | D        | Noticed a fleshlord
   162 | D        | Noticed a large bag of meat
   163 | D        | Noticed a tyrant
   163 | D        | Noticed a destroyer
   163 | D        | Killed from afar by a tyrant

Illustrated notes

Levels and vault maps discovered:
D:        meatsprint

Skill      XL: |  1  2  3  4  5  6  7  8  9 10 11 12 13 14 15 16 17 18 19 20 21 22 23 24 25 26 27 |
---------------+----------------------------------------------------------------------------------+-----
Fighting       | 13 16 22 23 25 27 | 27.0
Axes           | 11 14 18 20 21 27 | 27.0
Spellcasting   | 14 17 23 25 26 27 | 27.0
Conjurations   | 14 17 23 25 26 27 | 27.0
Hexes          | 14 17 23 25 26 27 | 27.0
Summonings     | 14 17 23 25 26 27 | 27.0
Necromancy     | 14 17 23 25 26 27 | 27.0
Translocations | 14 17 23 25 26 27 | 27.0
Fire Magic     | 14 17 23 25 26 27 | 27.0
Ice Magic      | 14 17 23 25 26 27 | 27.0
Air Magic      | 14 17 23 25 26 27 | 27.0
Earth Magic    | 14 17 23 25 26 27 | 27.0
Alchemy        | 14 17 23 25 26 27 | 27.0
Throwing       | 3 6 8 15 25 27 | 27.0
Armour         | 5 10 13 25 27 | 27.0
Dodging        | 11 21 25 27 | 27.0
Unarmed Combat | 10 20 25 27 | 27.0
Short Blades   | 9 13 17 18 21 27 | 27.0
Long Blades    | 9 13 17 18 21 27 | 27.0
Maces & Flails | 8 12 15 16 19 27 | 27.0
Polearms       | 8 12 15 16 19 27 | 27.0
Staves         | 9 13 17 18 21 27 | 27.0
Ranged Weapons | 8 12 15 16 19 27 | 27.0
Stealth        | 9 13 17 27 | 27.0
Shields        | 10 14 18 19 23 27 | 27.0
Invocations    | 10 14 18 19 23 27 | 27.0
Evocations     | 10 14 18 19 23 27 | 27.0
Shapeshifting  | 8 12 15 16 19 27 | 27.0

Action                     |  1- 3 |  4- 6 |  7- 9 | 10-12 | 13-15 | 16-18 | 19-21 | 22-24 | 25-27 || total
---------------------------+-------+-------+-------+-------+-------+-------+-------+-------+-------++-------
  Melee: Executioner's axe |     1 |       |       |     1 |     3 |     6 |    13 |    41 |   265 ||   330
   Cast: Vhi's Electric Ch |       |       |       |     1 |     3 |     2 |       |       |     1 ||     7
         Manifold Assault  |       |       |       |       |       |       |     3 |    11 |    98 ||   112
         Malign Gateway    |       |       |       |       |       |       |       |       |     1 ||     1
         Polar Vortex      |       |       |       |       |       |       |       |       |     1 ||     1
    Use: Scroll            |       |       |       |       |       |       |       |       |     2 ||     2
         Potion            |       |       |       |       |       |       |       |       |     1 ||     1
 Armour: Leather armour    |       |       |       |       |     2 |     6 |     4 |     7 |     9 ||    28
  Dodge: Dodged            |       |       |       |       |       |     1 |     3 |     4 |     2 ||    10
